AoeStats
← Termotanque de ñoquis

Golden Pit

510199231Analyzed
1v1 RM · 2d ago on Sep 29, 2026· 55m 33s· 2 players
Game mode
Random Map
Map size
Tiny (2 player)
Population
200
Speed
Normal
Resources
Standard
Victory
Conquest
Starting age
Dark Age
Ending age
Imperial Age
RankedLock teamsTeams togetherTeam positionsShared explorationLock speedFull tech treeHidden civsTurbo modeCheats
Victory
Defeat
🇦🇷 Maya · Argentina
678
+19
🇵🇹 Ethiopians · Portugal
750
-19
Termotanque de ñoquis
2:34 Loom
7:08 Loom
10:39 Feudal Age
11:13 Double-Bit Axe
11:12 Horse Collar
14:51 Fletching
17:23 Wheelbarrow
23:06 Castle Age
23:21 Crossbowman
23:58 Bodkin Arrow
24:04 Padded Archer Armor
23:58 Gold Mining
30:21 Thumb Ring
30:35 Leather Archer Armor
32:12 Bow Saw
32:04 Heavy Plow
32:29 Stone Mining
36:15 Eagle Warrior
43:16 Imperial Age
41:17 Ballistics
45:16 Chemistry
43:38 Arbalester
44:20 Bracer
44:51 Ring Archer Armor
44:50 Capped Ram
45:46 Forging
45:36 Scale Mail Armor
47:39 Elite Eagle Warrior
48:55 Holcans
49:09 Iron Casting
48:50 Chain Mail Armor
50:56 Onager
52:24 Capped Ram
56:04 Blast Furnace
55:35 Plate Mail Armor
GenKis
7:03 Loom
9:54 Feudal Age
11:06 Double-Bit Axe
11:30 Horse Collar
23:27 Castle Age
22:55 Fletching
25:07 Bodkin Arrow
25:31 Crossbowman
26:14 Padded Archer Armor
36:07 Leather Archer Armor
44:33 Imperial Age
47:14 Bracer
47:51 Elite Skirmisher
Connection lost

Rejoining the realm…

Still unreachable

The connection could not be restored.

Session expired

The server has moved on; the page needs a fresh start.